 Dungeon Crawl Stone Soup version 0.17.1-3-g152610e (webtiles) character file.

90 Gargoyl the Skirmisher (level 4, 36/36 HPs)
             Began as a Demonspawn Abyssal Knight on Mar 29, 2016.
             Was a Believer of Lugonu.
             Quit the game on level 3 of the Dungeon.
             The game lasted 00:04:50 (2667 turns).

Gargoyl the Skirmisher (Demonspawn Abyssal Knight)  Turns: 2667, Time: 00:04:50

Health: 36/36      AC: 12    Str: 14    XL:     4   Next: 32%
Magic:  6/6        EV:  6    Int: 13    God:    Lugonu [**....]
Gold:   60         SH:  0    Dex: 12    Spells: 0 memorised, 3 levels left

rFire  + . .     SeeInvis .     e - +0 war axe
rCold  . . .     Clarity  .     n - +0 chain mail
rNeg   . . .     SustAt   .     (no shield)
rPois  .         Gourm    .     d - +1 hat
rElec  .         Spirit   +     (no cloak)
rCorr  .         Warding  .     (no gloves)
rMut   .         Stasis   .     (no boots)
MR     .....                    (no amulet)
Stlth  ..........               (no ring)
                                g - ring of protection from fire

@: not resistant to hostile enchantments, extremely unstealthy
A: yellow scales 1, magic shield
a: Depart the Abyss, Bend Space, Renounce Religion


You were on level 3 of the Dungeon.
You worshipped Lugonu.
Lugonu was pleased with you.
You were not hungry.

You visited 1 branch of the dungeon, and saw 3 of its levels.
You visited the Abyss 1 time.

You collected 60 gold pieces.

Inventory:

Hand Weapons
 e - a +0 war axe (weapon)
Missiles
 k - 4 tomahawks (quivered)
Armour
 d - a +1 hat (worn)
 n - a +0 chain mail (worn)
Jewellery
 g - a ring of protection from fire (left hand)
Scrolls
 b - a scroll of noise {unknown}
 i - 2 scrolls of identify {unknown}
 l - a scroll of enchant armour {unknown}
 m - a scroll of magic mapping {unknown}
Potions
 h - 2 potions of curing {unknown}
 j - a potion of degeneration {unknown}
Comestibles
 c - 4 bread rations
 f - a meat ration


   Skills:
 + Level 3.6 Fighting
 + Level 2.2 Axes
 * Level 2.8 Armour
 + Level 1.6 Dodging
 + Level 0.4 Stealth
 + Level 2.8 Invocations


You had 3 spell levels left.
You didn't know any spells.

Dungeon Overview and Level Annotations

Branches:
Dungeon (3/15)

Altars:
Fedhas


Innate Abilities, Weirdness & Mutations

You are partially covered in yellow scales (AC +2).
When hurt, damage is shared between your health and your magic reserves.


Message History

You kill the adder!
Lugonu accepts your kill.
You hit the kobold.
You kill the kobold!
Lugonu accepts your kill.
Unknown command.
You see here an adder corpse.
You butcher the adder corpse.
a - a chunk of flesh Eat a chunk of flesh? (ye/n/q/i?) This raw flesh tastes terrible.
You continue eating. x2
You see here a giant gecko corpse.
You start resting.
Magic restored.
You start resting.
HP restored.
Things that are here:
a whip; 2 stones; a kobold corpse Are you sure you want to abandon this character and quit the game? (Confirm with "yes".)

#######
#...._#
#.....#
#.....#
#.....#
#.....##
#......#
#..<...#
##.@.†.##
#......#
#..!.(.....
#......###..
#..(.....
#####..#.#
....# ..###
..#


There were no monsters in sight!

Vanquished Creatures
  3 adders
  An ooze (D:2)
  A ball python (D:1)
  6 bats
  3 giant cockroaches
  10 goblins
  7 hobgoblins
  7 jackals
  7 kobolds
  A giant gecko (D:3)
  10 rats
56 creatures vanquished.

Notes
Turn   | Place    | Note
--------------------------------------------------------------
     0 | Abyss:1  | Gargoyl the Demonspawn Abyssal Knight began the quest for the Orb.
     0 | Abyss:1  | Reached XP level 1. HP: 18/18 MP: 2/2
    50 | Abyss:1  | Noticed a small abomination
    67 | D:1      | Escaped the Abyss
   274 | D:1      | Reached skill level 1 in Dodging
   283 | D:1      | Gained mutation: You are partially covered in yellow scales (AC +2). [demonic ancestry]
   283 | D:1      | Reached XP level 2. HP: 13/24 MP: 3/3
   341 | D:1      | Reached * piety under Lugonu
   816 | D:1      | Reached XP level 3. HP: 29/29 MP: 5/5
  1757 | D:2      | Reached ** piety under Lugonu
  2088 | D:2      | Gained mutation: When hurt, damage is shared between your health and your magic reserves. [demonic ancestry]
  2088 | D:2      | Reached XP level 4. HP: 35/35 MP: 6/6
  2204 | D:2      | Found a faded altar to an unknown god.
  2601 | D:3      | Found a blossoming altar of Fedhas.
  2667 | D:3      | Quit the game

Action                   |  1- 3 |  4- 6 || total
-------------------------+-------+-------++-------
Melee: Hand axe          |   182 |    26 ||   208
       War axe           |       |     7 ||     7
Invok: Depart the Abyss  |     1 |       ||     1
  Eat: Chunk             |     3 |     3 ||     6
